 Dungeon Crawl Stone Soup version 0.30-a0-576-g89cddaab80 (webtiles) character file.

Game seed: 17359211701116533255

44 wormed the Shooter (level 3, 0/18 HPs)
             Began as a Spriggan Hunter on Dec 31, 2022.
             Killed by divine providence
             ... invoked by an orc priest
              (13 damage)
             ... on level 3 of the Dungeon.
             The game lasted 00:02:21 (1389 turns).

wormed the Shooter (Spriggan Hunter)                Turns: 1389, Time: 00:02:21

Health: 0/18       AC:  2    Str:  7    XL:     3   Next: 41%
Magic:  4/4        EV: 18    Int: 10    God:
Gold:   78         SH:  0    Dex: 20    Spells: 2/2 levels left

rFire   . . .      SeeInvis +    a - +0 shortbow
rCold   . . .      Faith    +    (shield currently unavailable)
rNeg    . . .      Spirit   .    c - +0 robe
rPois   .          Reflect  .    (helmet restricted)
rElec   .          Harm     .    (no cloak)
rCorr   .          Rampage  .    (gloves unavailable)
Will    .....                    (boots unavailable)
Stlth   +++                      o - amulet of faith
HPRegen 0.23/turn                (no ring)
MPRegen 0.09/turn                (no ring)

@: very quick
A: very small, no large weapons, unfitting armour, see invisible, speed 3
a: no special abilities


You were on level 3 of the Dungeon.
You visited 1 branch of the dungeon, and saw 3 of its levels.

You collected 78 gold pieces.

Inventory:

Hand Weapons
 a - a +0 shortbow (weapon)
Armour
 c - a +0 robe (worn)
Jewellery
 d - a ring of wizardry
 e - an amulet of magic regeneration
 i - a +6 ring of strength
 o - an amulet of faith (around neck)
Scrolls
 b - 3 scrolls of immolation
 f - 2 scrolls of identify {unknown}
 g - a scroll of enchant weapon {unknown}
 j - a scroll of amnesia {unknown}
 k - 2 scrolls of noise {unknown}
 m - 3 scrolls of teleportation {unknown}
Potions
 h - a potion of lignification {unknown}
 l - a potion of curing {unknown}
 n - a potion of brilliance {unknown}


   Skills:
 + Level 2.0 Fighting
 * Level 4.5 Ranged Weapons
 + Level 3.2 Dodging
 + Level 2.7 Stealth


You had 2 spell levels left.
You didn't know any spells.
Your spell library contained the following spells:

 Spells                   Type           Power      Damage    Failure   Level
 Sublimation of Blood     Necr           0%         N/A       50%         2
 Wereblood                Tmut           0%         N/A       50%         2
 Ignite Poison            Fire/Tmut/Pois 0%         N/A       75%         3
 Sticky Flame             Conj/Fire      0%         2d3       98%         4
 Summon Hydra             Summ           0%         N/A       100%        7
 Ignition                 Fire           0%         3d3       100%        8


Dungeon Overview and Level Annotations

Branches:
Dungeon (3/15)

Altars:


Innate Abilities, Weirdness & Mutations

You are very small and have problems with some larger weapons.
You are too small for most types of armour.
You have supernaturally acute eyesight. (SInv)
You cover ground extremely quickly. (Speed+++)


Message History

Your Fighting skill increases to level 2!
You shoot an arrow. The arrow hits the orc.
The orc is severely wounded.
You hear a shout!
An orc wizard comes into view. It is wielding a +0 dagger.
You shoot an arrow. The arrow hits the orc.
You kill the orc!
The orc throws a stone.
The stone misses you.
You shoot an arrow. The arrow hits the orc.
The orc is severely wounded.
The orc wizard casts a spell.
The orc wizard flickers and vanishes for a moment.
You hear a shout!
You shoot an arrow.
The arrow hits the orc but does no damage.
The orc is severely wounded.
An orc priest comes into view.
It is wielding a +2 whip of electrocution.
You shoot an arrow. The arrow hits the orc!
You kill the orc!
The orc priest looks satisfied for a moment.
You shoot an arrow.
The arrow closely misses the orc wizard.
The arrow hits the orc priest!
The orc priest is severely wounded.
The orc wizard gestures at you while chanting.
You resist with some effort.
You shoot an arrow. The arrow hits the orc wizard.
The orc wizard is moderately wounded.
You shoot an arrow. The arrow hits the orc wizard.
The orc wizard is heavily wounded.
The orc priest miscasts a cantrip.
The orc wizard closely misses you.
You shoot an arrow. The arrow hits the orc wizard!
The orc wizard is almost dead.
The orc wizard casts a spell at you. The magic dart hits you.
The orc priest invokes the aid of Beogh against you.
Beogh smites you!
Ouch! That really hurt!
You die...

#########
.......<####
...........#
#########.##
#.# #@# #o#
#.# #.# #o#
#)# #.# #.#


You could see an orc priest and an orc wizard (invisible).

Vanquished Creatures
  3 orcs (D:3)
  4 endoplasms (D:2)
  3 goblins
  6 hobgoblins
  4 jackals (D:2)
  2 kobolds (D:2)
  A quokka (D:2)
  4 ball pythons
  3 bats
  3 frilled lizards (D:2)
  4 rats
37 creatures vanquished.

Vanquished Creatures (others)
  6 plants (D:2)
6 creatures vanquished.

Grand Total: 43 creatures vanquished

Notes
Turn   | Place    | Note
-------+----------+-------------------------------------------
     0 | D:1      | wormed the Spriggan Hunter began the quest for the Orb.
     0 | D:1      | Reached XP level 1. HP: 10/10 MP: 2/2
   281 | D:1      | Reached XP level 2. HP: 15/15 MP: 3/3
   638 | D:2      | Found a faded altar of an unknown god.
   940 | D:2      | Reached XP level 3. HP: 18/18 MP: 4/4
  1389 | D:3      | Killed from afar by an orc priest

Illustrated notes

Levels and vault maps discovered:
D:1:      wander_arrival_peaceful_grave, layout_basic
D:2:      layout_loops_cross, shapermc_ecumenical_altar_totnotflames,
          serial_bayou, serial_bayou_ford_a, serial_bayou_shore_b,
          serial_bayou_crossing, serial_bayou_pond_b,
          chequers_serial_rivers_small_a, grunt_decor_mini_mirrors
D:3:      layout_basic, minitemple, serial_rivers,
          chequers_serial_rivers_small_3, chequers_serial_rivers_room_a,
          chequers_serial_rivers_large_b, chequers_serial_rivers_small_b,
          chequers_serial_rivers_micro_c, chequers_serial_rivers_small_b,
          portal_sewer_entry_d, uniq_sigmund

Skill      XL: |  1  2  3 |
---------------+----------+-----
Stealth        | 2 |  2.7
Dodging        | 3 |  3.2
Fighting       | 2 |  2.0
Ranged Weapons | |  4.5

Action                   || total
-------------------------++-------
 Fire: Shortbow          ||   120
Armor: Robe              ||     5
Dodge: Dodged            ||    53

Table legend: (Time is in decaauts)
 A = Elapsed time spent in this place.
 B = Non-inter-level travel time spent in this place.
 C = Inter-level travel time spent in this place.
 D = Time resting spent in this place.
 E = Time spent auto-exploring this place.
 F = Levels seen in this place.
 G = Mean time per level.
                   A        B        C        D        E       F      G
               +--------+--------+--------+--------+--------+-----+--------+
         Total |    979 |    939 |     40 |     27 |    661 |   3 |  326.3 |
       Dungeon |    979 |    939 |     40 |     27 |    661 |   3 |  326.3 |
               +--------+--------+--------+--------+--------+-----+--------+

Top non-repeatable levels by time:
     D:2: 573 daAuts
     D:1: 341 daAuts
     D:3: 64 daAuts
